cohdb
Replays
Latest Replays
All Replays
Popular Replays
Top Player Replays
Match Explorer
How It Works
Community
CoH3 Stats
Reddit
Sign in to upload your games and track your stats! →
Sign in with Steam
Match 45145082
Unlisted
Match 45145082
Overview
Messages
Build Orders
End
Kettenkrad Recon Vehicle
Construct Infanterie Kompanie
Selects Terror Battlegroup
Selects Machine Gun Camouflage
MG 42 Machine Gun Team
MG 42 Machine Gun Team
MG 42 Machine Gun Team
GrW 34 Mortar Team
Construct Luftwaffe Kompanie
Jäger Squad
Flak 30 Anti-aircraft Gun Team
Flak 30 Anti-aircraft Gun Team
Selects Contempt for the Weak
Sniper
Support Elements
Marder III M Tank Destroyer
Marder III M Tank Destroyer
Selects No Quarter
High Voltage
cds700
Kanna Scarlet
Yundan
[EPIC]SAGEKING
VvvV
montique_mark
youj
0
0
Comments
sign in to comment!
No comments posted yet!